 Dungeon Crawl Stone Soup version 0.29-a0-1023-g6ae1a4a2c7 (webtiles) character file.

Game seed: 4546592224579833197

10083 Gwenloh the Transmogrifier (level 11, -5/105 HPs)
             Began as a Troll Transmuter on Aug 10, 2022.
             Was a Priest of Wu Jian.
             Killed from afar by an electric eel (13 damage)
             ... with a bolt of electricity
             ... on level 11 of the Dungeon on Aug 11, 2022.
             The game lasted 00:34:57 (8092 turns).

Gwenloh the Transmogrifier (Troll Transmuter)       Turns: 8092, Time: 00:35:00

Health: -5/105     AC: 10    Str: 20    XL:     11   Next: 31%
Magic:  16/17      EV:  8    Int: 11    God:    Wu Jian [***...]
Gold:   542        SH: 13    Dex: 12    Spells: 9/19 levels left

rFire   . . .      SeeInvis .     - Unarmed
rCold   + . .      Faith    .   j - +4 kite shield of Hachy {rC+ Will++ Stlth-}
rNeg    . . .      Spirit   .   O - +0 troll leather armour
rPois   +          Reflect  .   (helmet currently unavailable)
rElec   .          Harm     .   (no cloak)
rCorr   .          Rampage  .   (gloves unavailable)
Will    ++...                   (boots unavailable)
Stlth   ..........              m - amulet of regeneration
HPRegen 2.67/turn               f - +4 ring of protection
MPRegen 0.15/turn               M - ring of poison resistance

@: appendages
A: horns 2, talons 2, large, unfitting armour, claws 3, regeneration 1, shaggy
fur 1, tough skin 1
a: End Transformation, Renounce Religion, Wall Jump, Serpent's Lash


You were on level 11 of the Dungeon.
You worshipped Wu Jian.
Wu Jian was most pleased with you.
You had temporarily grown beastly horns and talons.
You visited 2 branches of the dungeon, and saw 12 of its levels.

You collected 542 gold pieces.

Inventory:

Hand Weapons
 a - a +0 triple crossbow
 g - a +1 vampiric whip
Missiles
 u - 55 stones (quivered)
 C - a throwing net
 D - 5 boomerangs
Armour
 j - the +4 kite shield of Hachy (worn) {rC+ Will++ Stlth-}
   (You found it on level 2 of the Dungeon)

   rC:        It protects you from cold.
   Will:      It greatly increases your willpower.
   Stlth:     It makes you less stealthy.
 t - a +2 robe of the Archmagi
 O - a +0 troll leather armour (worn)
 Q - a +0 robe
Jewellery
 f - a +4 ring of protection (left claw)
 m - an amulet of regeneration (around neck)
 J - a ring of willpower
 K - an amulet of the acrobat
 M - a ring of poison resistance (right claw)
Wands
 A - a wand of polymorph (11)
 B - a wand of flame (45)
 E - a wand of light (14)
 G - a wand of charming (16)
 P - a wand of digging (7)
Scrolls
 e - 2 scrolls of enchant armour {unknown}
 i - a scroll of blinking {unknown}
 k - 2 scrolls of enchant weapon {unknown}
 n - 10 scrolls of teleportation {unknown}
 o - 3 scrolls of butterflies {unknown}
 q - 6 scrolls of identify {unknown}
 s - 2 scrolls of vulnerability {unknown}
 w - a scroll of silence {unknown}
 x - 3 scrolls of summoning {unknown}
 y - 3 scrolls of magic mapping {unknown}
 F - a scroll of fear {unknown}
 I - 2 scrolls of torment {unknown}
 L - a scroll of noise {unknown}
 N - a scroll of immolation {unknown}
Potions
 b - 4 potions of lignification
 c - 7 potions of curing {unknown}
 d - 3 potions of mutation {unknown}
 h - 5 potions of might {unknown}
 l - a potion of degeneration {unknown}
 p - 2 potions of attraction {unknown}
 r - 3 potions of heal wounds {unknown}
 v - 3 potions of haste {unknown}
 z - 2 potions of flight {unknown}
 H - a potion of resistance {unknown}
 R - 3 potions of experience {unknown}


   Skills:
 + Level 6.1 Fighting
 + Level 2.5 Armour
 - Level 2.1 Dodging
 - Level 5.5 Shields
 + Level 8.0 Unarmed Combat
 + Level 4.8 Spellcasting
 * Level 8.1 Transmutations


You had 9 spell levels left.
You knew the following spells:

 Your Spells              Type           Power      Damage    Failure   Level
a - Beastly Appendage     Tmut           40%        N/A       1%          1
b - Wereblood             Tmut           20%        N/A       3%          2
c - Spider Form           Tmut/Pois      11%        N/A       32%         3
d - Ice Form              Ice/Tmut       11%        N/A       71%         4

Your spell library contained the following spells:

 Spells                   Type           Power      Damage    Failure   Level
 Apportation              Tloc           4%         N/A       50%         1
 Magic Dart               Conj           8%         1d3       50%         1
 Necrotise                Necr           8%         1d4       50%         1
 Summon Small Mammal      Summ           8%         N/A       50%         1
 Blink                    Tloc           4%         N/A       65%         2
 Call Imp                 Summ           2%         N/A       65%         2
 Sublimation of Blood     Necr           2%         N/A       65%         2
 Petrify                  Tmut/Erth      11%        N/A       71%         4
 Gell's Gravitas          Tloc           2%         N/A       86%         3
 Mephitic Cloud           Conj/Pois/Air  2%         N/A       86%         3
 Teleport Other           Tloc           2%         N/A       86%         3
 Irradiate                Conj/Tmut      5%         3d13      96%         5
 Freezing Cloud           Conj/Ice/Air   1%         6-21      100%        5
 Manifold Assault         Tloc           2%         N/A       100%        5
 Dispersal                Tloc           1%         N/A       100%        6
 Simulacrum               Ice/Necr       1%         N/A       100%        6
 Storm Form               Tmut/Air       5%         N/A       100%        7
 Polar Vortex             Ice            1%         N/A       100%        9


Dungeon Overview and Level Annotations

Branches:
Dungeon (11/15)            Temple (1/1) D:7            Lair (0/5) D:10
    Orc: D:9-12

Altars:
Ashenzari
Cheibriados
Dithmenos
Elyvilon
Fedhas
Gozag
Hepliaklqana
Kikubaaqudgha
Makhleb
Nemelex Xobeh
Okawaru
Qazlal
Ru
Sif Muna
Trog
Uskayaw
Vehumet
Wu Jian
Xom
Yredelemnul
Zin
The Shining One


Innate Abilities, Weirdness & Mutations

You have temporarily grown beastly horns and talons.
You are too large for most types of armour.
You have claws for hands.
Your natural rate of healing is unusually fast.
You are covered in fur. (AC +1)
You have tough skin. (AC +1)


Message History

The electric eel shoots out a bolt of lightning at you!
The bolt of electricity hits you! The bolt of electricity hits you.
The bolt of electricity hits the electric eel.
The electric eel completely resists.
The electric eel shoots out a bolt of lightning at you!
The bolt of electricity hits you. The bolt of electricity hits you!
The bolt of electricity hits the electric eel.
The electric eel completely resists.
The bolt of electricity hits the plant!
The plant begins to die.
You miss the electric eel.
The electric eel is lightly wounded.
The electric eel shoots out a bolt of lightning at you!
The bolt of electricity hits you. The bolt of electricity hits you!
The bolt of electricity hits the electric eel.
The electric eel completely resists.
The bolt of electricity hits the plant!
The electric eel shoots out a bolt of lightning at you!
The bolt of electricity hits you. x2
The bolt of electricity hits the electric eel.
The electric eel completely resists.
You are too injured to fight recklessly!
You are too injured to fight recklessly!
Unknown command.
You are too injured to fight recklessly!
The electric eel shoots out a bolt of lightning at you!
The bolt of electricity hits you. The bolt of electricity hits you!
The bolt of electricity hits the electric eel.
The electric eel completely resists.
The bolt of electricity hits the plant!
The electric eel shoots out a bolt of lightning at you!
The bolt of electricity hits you!
* * * LOW HITPOINT WARNING * * *
The bolt of electricity hits you.
* * * LOW HITPOINT WARNING * * *
Casting: Wereblood (safe; 3% risk of failure)
Confirm with . or Enter, or press ? or * to list all spells.
You grow a pair of large bovine horns.
Your feet morph into talons.
The electric eel shoots out a bolt of lightning at you!
The bolt of electricity hits you!
* * * LOW HITPOINT WARNING * * *
The bolt of electricity hits you!
You die...

### ..# ### #.# #<# #.#
#.# #.#########†# #
#.))....†...#
#$####.####..###.#
.#.#.....@#####.# #.#
.....~~.........###.#
~~.~..≈≈..SS.....##.####
≈~~~~≈≈≈~~~~P~†...#....#
≈≈≈~~~≈≈≈≈≈≈≈~~~P...##.#
~~.~~~~≈≈≈≈≈≈~~.~P...#.##
~....~~~~≈≈≈≈≈≈≈≈~P..#..#
...)...~~.~~~≈≈≈≈~~...#.##
#.##......~~~.~.≈≈≈~~....#


You could see 2 electric eels.

Vanquished Creatures
  A two-headed ogre (D:10)
  Psyche (D:10)
  A komodo dragon (D:11)
  A troll (D:10)
  Sigmund (D:6)
  A wyvern (D:8)
  18 yaks
  A steam dragon (D:8)
  3 wargs
  8 vampire mosquitoes (D:11)
  A water moccasin (D:7)
  3 orc warriors
  A black bear (D:6)
  3 ice beasts
  2 sky beasts (D:6)
  3 ogres
  6 centaurs
  A phantom (D:5)
  A kobold brigand (D:7)
  5 bullfrogs
  A water moccasin zombie (D:6)
  4 scorpions
  11 wights
  8 killer bees
  3 jellies
  3 electric eels
  6 howler monkeys
  A bullfrog zombie (D:6)
  2 hounds
  5 orc priests
  4 iguanas
  Jessica (D:3)
  4 orc wizards
  4 gnolls (D:2)
  A white imp (D:8)
  2 ufetubi
  4 dart slugs
  36 orcs
  4 endoplasms
  2 giant cockroaches
  2 goblins
  8 hobgoblins
  3 jackals (D:1)
  8 kobolds
  4 quokkas
  7 ball pythons
  4 bats
  5 frilled lizards
  3 rats
212 creatures vanquished.

Vanquished Creatures (others)
  An orc (D:11)
  17 plants
18 creatures vanquished.

Grand Total: 230 creatures vanquished

Notes
Turn   | Place    | Note
-------+----------+-------------------------------------------
     0 | D:1      | Gwenloh the Troll Transmuter began the quest for the Orb.
     0 | D:1      | Reached XP level 1. HP: 18/18 MP: 1/1
   193 | D:1      | Reached skill level 1 in Fighting
   193 | D:1      | Reached XP level 2. HP: 26/27 MP: 0/3
   198 | D:1      | Learned a level 2 spell: Wereblood
   666 | D:1      | Reached XP level 3. HP: 33/33 MP: 4/4
  1225 | D:2      | Identified the +4 kite shield of Hachy {rC+ Will++ Stlth-}
  1471 | D:2      | Reached XP level 4. HP: 41/41 MP: 2/5
  1506 | D:2      | Learned a level 3 spell: Spider Form
  2090 | D:3      | Found a bloodstained altar of Trog.
  2097 | D:3      | Found an ancient bone altar of Kikubaaqudgha.
  2209 | D:3      | Noticed Jessica
  2214 | D:3      | Killed Jessica
  2215 | D:3      | Reached skill level 1 in Shields
  2377 | D:4      | Reached XP level 5. HP: 49/49 MP: 4/6
  2498 | D:4      | Reached XP level 6. HP: 57/57 MP: 5/8
  2826 | D:5      | Entered Level 5 of the Dungeon
  2898 | D:5      | Noticed an ice beast
  2905 | D:5      | Killed an ice beast
  2923 | D:5      | Reached XP level 7. HP: 66/66 MP: 7/9
  2928 | D:5      | Learned a level 4 spell: Ice Form
  3187 | D:5      | Identified the +3 leather armour of Sloth {Will+ Dex+3}
  3557 | D:6      | Reached XP level 8. HP: 33/75 MP: 8/10
  3650 | D:6      | Noticed Sigmund
  3676 | D:6      | Killed Sigmund
  3677 | D:6      | Reached skill level 5 in Unarmed Combat
  3703 | D:6      | Found a stormy altar of Qazlal.
  3810 | D:6      | Identified the +1 ring mail of the Lumpy Youths {Rampage
                  | Dex+4}
  3962 | D:6      | Reached skill level 5 in Transmutations
  4089 | D:6      | Reached XP level 9. HP: 70/82 MP: 8/12
  4172 | D:6      | Found a basalt altar of Yredelemnul.
  4639 | D:7      | Found a sparkling altar of Nemelex Xobeh.
  4912 | D:7      | Found a staircase to the Ecumenical Temple.
  4932 | Temple   | Entered the Ecumenical Temple
  5140 | Temple   | Upgraded the game from 0.29-a0-1019-g84f7d21838 to
                  | 0.29-a0-1023-g6ae1a4a2c7
  5172 | Temple   | Became a worshipper of the Wu Jian Council
  5377 | D:7      | Found a white marble altar of Elyvilon.
  5377 | D:7      | Found a glowing golden altar of the Shining One.
  5854 | D:8      | Found a shimmering altar of Xom.
  6613 | D:8      | Reached * piety under Wu Jian
  6696 | D:9      | Reached skill level 5 in Shields
  6704 | D:9      | Reached XP level 10. HP: 27/94 MP: 14/14
  6809 | D:9      | Found a blossoming altar of Fedhas.
  6902 | D:9      | Reached skill level 5 in Fighting
  7112 | D:10     | Entered Level 10 of the Dungeon
  7159 | D:10     | Found a staircase to the Lair.
  7172 | D:10     | Reached ** piety under Wu Jian
  7317 | D:10     | Found a transporter.
  7318 | D:10     | Found a transporter.
  7385 | D:10     | Found a transporter.
  7405 | D:10     | Found a transporter.
  7466 | D:10     | Noticed Psyche
  7472 | D:10     | Killed Psyche
  7480 | D:10     | Noticed a two-headed ogre
  7491 | D:10     | Killed a two-headed ogre
  7492 | D:10     | Reached skill level 1 in Armour
  7624 | D:10     | Found a transporter.
  7627 | D:10     | Found a transporter.
  7900 | D:11     | Reached XP level 11. HP: 100/105 MP: 14/16
  8070 | D:11     | Reached *** piety under Wu Jian
  8092 | D:11     | Killed from afar by an electric eel

Illustrated notes

Levels and vault maps discovered:
D:1:      heliophobic_arrival_battle_scene, layout_loops_corners, st_stairs_1,
          minmay_heptomino_o4
D:2:      layout_rooms
D:3:      layout_basic, grunt_temple_overflow_open, uniq_jessica
D:4:      layout_rooms
D:5:      layout_loops_cross
D:6:      layout_gridville, general_overflow_altar,
          lemuel_zombie_altar_yredelemnul, minmay_holes, grunt_decor_fettered,
          kennysheep_generic_room_8, uniq_sigmund
D:7:      layout_basic, lemuel_doored_altar, nicolae_overflow_two_pavilions,
          minmay_temple_entry_glassed_door, serial_bayou, serial_bayou_pond_b,
          serial_bayou_pond_e, serial_bayou_pond_e, serial_bayou_crossing,
          minmay_misc_feat_tower, small_statue_intersection, minmay_misc_feat_x,
          dreamdust_wishing_well
D:8:      layout_cave_pods, mainiacjoe_overflow_cross_hatched
D:9:      layout_cave_pools, fedhas_altar_2
D:10:     layout_loops_ring, erik_lair_orcish_takeover, serial_nicolae_subway,
          nicolae_sub_station_crystal, nicolae_sub_station_stone,
          nicolae_sub_station_metal, uniq_psyche
D:11:     layout_loops_ring, erik_orc_3, ebering_ghost_reflecting_pool,
          chequers_big_river, uniq_sonja
Temple:   nicolae_temple_figure_eight

Skill      XL: |  1  2  3  4  5  6  7  8  9 10 11 |
---------------+----------------------------------+-----
Fighting       | 1 2 3 4 5 6 |  6.1
Transmutations | 2 3 4 5 6 7 8 |  8.1
Shields        | 1 2 3 5 |  5.5
Spellcasting   | 2 3 4 |  4.8
Unarmed Combat | 4 5 6 7 8 |  8.0
Dodging        | 2 |  2.1
Armour         | 1 2 |  2.5

Action                   |  1- 3 |  4- 6 |  7- 9 | 10-12 || total
-------------------------+-------+-------+-------+-------++-------
Melee: Unarmed           |    75 |    90 |   236 |   217 ||   618
       Punch             |     2 |     2 |     2 |       ||     6
       Kick              |     4 |    17 |    41 |    55 ||   117
       Headbutt          |     1 |    11 |    24 |    35 ||    71
Throw: Stone             |     1 |    27 |    10 |     1 ||    39
 Cast: Beastly Appendage |    15 |    13 |    24 |    13 ||    65
       Wereblood         |     1 |     1 |     8 |     8 ||    18
       Spider Form       |       |       |     1 |       ||     1
Invok: Lunge             |       |       |    11 |    14 ||    25
       Whirlwind         |       |       |     2 |    13 ||    15
Armor: Robe              |    24 |    34 |    82 |    27 ||   167
       Troll leather arm |       |       |       |    32 ||    32
Dodge: Dodged            |    34 |    38 |    75 |    39 ||   186
Block: Kite shield       |       |       |   134 |   128 ||   262

Table legend: (Time is in decaauts)
 A = Elapsed time spent in this place.
 B = Non-inter-level travel time spent in this place.
 C = Inter-level travel time spent in this place.
 D = Time resting spent in this place.
 E = Time spent auto-exploring this place.
 F = Levels seen in this place.
 G = Mean time per level.
                   A        B        C        D        E       F      G
               +--------+--------+--------+--------+--------+-----+--------+
         Total |   8097 |   7706 |    391 |    161 |   5718 |  12 |  674.8 |
       Dungeon |   7821 |   7465 |    356 |    161 |   5511 |  11 |  711.0 |
        Temple |    276 |    241 |     35 |      0 |    207 |   1 |  276.0 |
               +--------+--------+--------+--------+--------+-----+--------+

Top non-repeatable levels by time:
     D:1: 1207 daAuts
     D:8: 1085 daAuts
     D:7: 1073 daAuts
    D:10: 733 daAuts
     D:5: 726 daAuts
     D:6: 675 daAuts
     D:3: 640 daAuts
     D:2: 512 daAuts
     D:9: 496 daAuts
     D:4: 457 daAuts
  Temple: 276 daAuts
    D:11: 211 daAuts
